 Dungeon Crawl Stone Soup version 0.16.0 (webtiles) character file.

201265 Sixotanaka the Gelid (level 17, -35/122 HPs)
             Began as a Demonspawn Monk on Mar 14, 2015.
             Was the Champion of Makhleb.
             Shot with an arrow by Vashnia (50 damage)
             ... on level 4 of the Snake Pit on Mar 15, 2015.
             The game lasted 02:22:52 (37284 turns).

Sixotanaka the Gelid (Demonspawn Monk)             Turns: 37284, Time: 02:22:52

Health: -35/122    AC: 22    Str: 12    XL:     17   Next: 90%
Magic:  8/30       EV: 20    Int: 16    God:    Makhleb [******]
Gold:   3829       SH:  0    Dex: 18    Spells: 3 memorised, 9 levels left

rFire  . . .     SeeInvis +       - Unarmed
rCold  + . .     Clarity  .     E - +4 robe of Night {+Inv MR+ SInv Stlth+}
rNeg   . . .     SustAb   .     (no shield)
rPois  +         Gourm    .     U - +2 helmet {SInv}
rElec  .         Spirit   .     O - +2 cloak {MR+}
rCorr  .         Warding  .     u - +2 pair of gloves
rMut   .         Stasis   .     (boots unavailable)
MR     +++..                    d - amulet of regeneration
Stlth  ++++++....               z - ring of poison resistance
                                M - +5 ring of protection

@: very slightly contaminated, invisible, extremely resistant to hostile
enchantments, very stealthy
A: talons 3, thin metallic scales 1, cold resistance 1, icemail, nightstalker 3,
freezing cloud immunity
a: Minor Destruction, Lesser Servant of Makhleb, Major Destruction, Greater
Servant of Makhleb, Renounce Religion
}: 1/15 runes: serpentine


You were on level 4 of the Snake Pit.
You worshipped Makhleb.
Makhleb was exalted by your worship.
You were very hungry.

You visited 4 branches of the dungeon, and saw 32 of its levels.
You also visited: Bailey, Ice Cave and Volcano.

You collected 3986 gold pieces.
You spent 157 gold pieces at shops.


Innate Abilities, Weirdness & Mutations

You have claws for feet.
You are partially covered in thin metallic scales (AC +2).
Your flesh is cold resistant.
A meltable icy envelope protects you from harm and freezing vapours (AC +0).
You are completely attuned to the shadows.
You are immune to freezing clouds.


   Skills:
 - Level 8.0 Fighting
 - Level 1.5 Armour
 - Level 10.2 Dodging
 - Level 1.7 Stealth
 - Level 15.0 Unarmed Combat
 - Level 3.1 Spellcasting
 - Level 12.2 Conjurations
 + Level 16.3 Ice Magic
 - Level 9.3 Air Magic
 - Level 10.1 Invocations
 - Level 5.0 Evocations


You had 9 spell levels left.
You knew the following spells:

 Your Spells              Type           Power        Failure   Level  Hunger
a - Ozocubu's Armour      Chrm/Ice       ####....     1%          3    ###....
t - Control Teleport      Chrm/Tloc      #.........   99%         4    ####...
z - Freezing Cloud        Conj/Ice/Air   #####.....   21%         6    #######


Dungeon Overview and Level Annotations

Branches:
Dungeon (15/15)            Temple (0/1) D:7            Lair (8/8) D:9
 Shoals (0/5) Lair:6        Snake (5/5) Lair:5          Orc (4/4) D:9
    Elf (0/3) Orc:4        Vaults (0/5) D:13         Depths (0/5) D:15
  Slime: Lair:6-8

Altars:
Cheibriados
Elyvilon
Fedhas
Makhleb
Vehumet
Beogh
Jiyva

Shops:
D:4 ((   D:10 (   D:11 *   Orc:4 ([%[

Annotations:
D:5 exclusion: ogre
D:15 Nergalle
Lair:6 exclusion: 2 oklob plants
Snake:4 Vashnia

Inventory:

Hand weapons
 K - the -1 blowgun "Killer Klown's Doom" {speed, Int+3 Dex-4 SInv}
   (You found it on level 15 of the Dungeon)

   Attacks with this weapon are significantly faster.
   It affects your intelligence (+3).
   It affects your dexterity (-4).
   It enhances your eyesight.
Missiles
 i - a throwing net (quivered)
 y - 4 curare-tipped needles
Armour
 u - a +2 pair of gloves (worn)
 E - the +4 robe of Night (worn) {+Inv MR+ SInv Stlth+}
   (You found it on level 6 of the Dungeon)

   It affects your resistance to hostile enchantments.
   It enhances your eyesight.
   It lets you turn invisible.
   It makes you more stealthy.
 N - a +1 buckler of fire resistance
   (You acquired it on level 4 of the Snake Pit)
 O - a +2 cloak of magic resistance (worn)
   (You bought it in a shop on level 4 of the Orcish Mines)
 U - a +2 helmet of see invisible (worn)
   (You found it on level 9 of the Dungeon)
Magical staves
 r - an uncursed staff of wizardry {!a}
Rods
 a - a +0 rod of clouds (14/14) {!a}
   (You found it on level 4 of the Lair of Beasts)
Jewellery
 d - an amulet of regeneration (around neck)
 z - a ring of poison resistance (right hand)
 C - a +3 ring of slaying
 L - an uncursed ring of teleportation
 M - a +5 ring of protection (left hand)
Magical devices
 p - a wand of hasting (7) {@v3}
 Q - a wand of digging (13)
 W - a wand of teleportation (5) {@v4}
Scrolls
 c - 6 scrolls of remove curse {@r2}
 e - a scroll of magic mapping
 k - 7 scrolls of recharging
 m - 5 scrolls of fear
 s - a scroll of silence {unknown}
 t - 2 scrolls of fog {unknown}
 H - 3 scrolls of blinking
 T - a scroll of summoning
 V - 7 scrolls of teleportation {@r4}
Potions
 h - 11 potions of haste {@q3}
 j - 12 potions of curing {@q1}
 n - a potion of agility {unknown}
 o - a potion of poison {unknown}
 q - 4 potions of might
 v - a potion of mutation {unknown}
 w - a potion of ambrosia {unknown}
 B - 2 potions of magic {unknown}
 F - 3 potions of brilliance
 G - 2 potions of lignification {unknown}
 J - 2 potions of invisibility
 R - a potion of berserk rage {unknown}
 S - a potion of cancellation
 X - a potion of restore abilities
 Y - 3 potions of flight
 Z - 2 potions of resistance
Books
 g - an Akashic Record {highlevel, unknown}
Miscellaneous
 f - a box of beasts
 A - a fan of gales
 I - a box of beasts
 P - a lamp of fire
Comestibles
 b - 20 bread rations
 l - 2 meat rations
 x - 20 fruits
 D - a poisonous chunk of flesh

.###..##.....##...##.....##..(#
..#)<.#.......#...#.......##..#
..))..#..?...)'..()().))..#..##
.###..#.......#...#..)....#.)##
.# #..##.....##...##.....##...#
.# #..[##}..###..)###...##.)..#
.# #...#######..#########....##
## #...## #...[####..##....##
<# #....## ##...@#§§§......##
.# ###..<# ##...§§N§...#.## .##
#.#.## ##...§#.....## ..##
##...# ######.(#### ..(# ##.##
#(§# ...# ### ##########(#####
#.## ##.#......#N§§... ### ####
#......(#..§§§§.. # ##..##
###....(N#.N.§§. ##


You could see Vashnia.


Message History

Things that are here:
an arrow; a mace The naga sharpshooter shoots an arrow.
The arrow completely misses you.
Vashnia is engulfed in freezing vapours.
Vashnia shoots an arrow.
The arrow hits you!!! The arrow burns you.
The naga sharpshooter unwields an uncursed flail.
The naga sharpshooter wields a longbow.
The naga sharpshooter mumbles some strange words.
The naga sharpshooter magically shoots an arrow of frost.
The arrow of frost hits you but does no damage.
You hear a shout!
The heat melts your icy armour.
Things that are here:
an arrow of frost; an arrow You hit Vashnia but do no damage.
The naga sharpshooter shoots an arrow.
The arrow hits you but does no damage.
You punch Vashnia!!
Vashnia's shroud falls apart!
Your kick passes through Vashnia as she momentarily phases out.
The naga sharpshooter gestures wildly while chanting.
The naga sharpshooter magically shoots an arrow of frost.
The arrow of frost hits you but does no damage.
Vashnia is engulfed in freezing vapours.
Vashnia drinks a potion.
Vashnia seems to grow stronger.
You completely miss Vashnia.
The naga sharpshooter mumbles some strange words.
The naga sharpshooter magically shoots an arrow of frost.
The arrow of frost hits you but does no damage.
Vashnia shoots an arrow.
The arrow hits you!
* * * LOW HITPOINT WARNING * * *
The arrow burns you!
* * * LOW HITPOINT WARNING * * *
Your icy armour melts away.
The naga sharpshooter shoots an arrow.
The arrow barely misses you.
Read which item? (? for menu, Esc to quit)
Blink to where?
You are very lightly contaminated with residual magic.
As you read the scroll of blinking, it crumbles to dust.
Eat one of 2 poisonous chunks of flesh? (ye/n/q/i?)
You continue eating. x2
Drink which item? (? for menu, Esc to quit)
You fade into invisibility!
Wield which item (- for none, * to show all)? (? for menu, Esc to quit)
r - an uncursed staff of wizardry (weapon)
{!a} You miscast Freezing Cloud.
Nothing appears to happen.
You are feeling hungry.
You are feeling very hungry.
Vashnia is engulfed in freezing vapours.
Vashnia shoots an arrow.
The arrow barely misses you.
Wield which item (- for none, * to show all)? (? for menu, Esc to quit)
You are now empty-handed.
Vashnia momentarily phases out as your attack passes through her.
You claw Vashnia, but do no damage.
Vashnia is engulfed in freezing vapours.
Vashnia casts a spell.
Vashnia magically shoots an arrow.
The arrow hits you!!
* * * LOW HITPOINT WARNING * * *
The arrow burns you!
* * * LOW HITPOINT WARNING * * *
Read which item? (? for menu, Esc to quit)
Okay, then.
Here: Vashnia, wielding a longbow of flaming and wearing a runed naga barding (freezing vapour, heavily wounded, unusually strong)
The floor.
Read which item? (? for menu, Esc to quit)
Blink to where?
As you read the scroll of blinking, it crumbles to dust.
Vashnia is engulfed in freezing vapours.
Vashnia mumbles some strange words.
Vashnia magically shoots an arrow.
The arrow hits you!!!
You die...

Action                   |  1- 3 |  4- 6 |  7- 9 | 10-12 | 13-15 | 16-18 || total
-------------------------+-------+-------+-------+-------+-------+-------++-------
Melee: Unarmed           |   104 |   115 |   324 |   604 |  1880 |  1150 ||  4177
Throw: Stone             |       |       |     4 |       |       |       ||     4
 Cast: Ozocubu's Armour  |       |       |       |       |    15 |    43 ||    58
       Freezing Cloud    |       |       |       |       |       |    30 ||    30
Invok: Greater Servant o |       |       |       |     6 |     8 |     7 ||    21
       Major Destruction |       |       |       |     3 |       |       ||     3
       Lesser Servant of |       |       |       |       |    16 |     4 ||    20
 Abil: Evoke Invisibilit |       |       |       |       |       |     1 ||     1
Evoke: Wand              |       |       |     2 |     4 |       |       ||     6
       Rod               |       |       |       |     2 |       |       ||     2
  Use: Scroll            |     1 |     1 |     2 |     8 |    25 |     8 ||    45
       Potion            |       |       |       |       |     7 |     4 ||    11
 Stab: Sleeping          |     3 |     8 |    16 |    43 |    61 |    10 ||   141
       Distracted        |     1 |       |     1 |     3 |    20 |     3 ||    28
       Fleeing           |       |       |       |       |     1 |       ||     1
       Invisible         |       |       |       |       |       |     1 ||     1
  Eat: Chunk             |     2 |     1 |     8 |    10 |    28 |    28 ||    77
       Meat ration       |     1 |       |       |     2 |     4 |     4 ||    11
       Beef jerky        |       |       |     2 |     3 |     1 |       ||     6
       Fruit             |       |       |     1 |       |     2 |     1 ||     4
       Pizza             |       |       |       |       |       |     2 ||     2

Vault maps used:
D:1:      scummos_arrival_simple_fountains
D:2:      makhleb_altar_promises_db
D:3:      cheibriados_altar_1, first_bread, portal_sewer_entry_d,
          kennysheep_generic_room_12
D:4:      fedhas_altar_4, serial_shops, shop, kennysheep_mini_moat,
          jiyva_altar_1
D:5:      forest_paths
D:6:      uniq_menkaure
D:7:      lemuel_round_altar, minmay_temple_entry_hall
D:9:      overflow_temple_1_default, lair_0_dummy, orc_0_dummy, basic_altar,
          uniq_duvessa, uniq_eustachio
D:10:     serial_shops, shop
D:11:     serial_shops, nicolae_shop_overgrown_old_shop
D:12:     portal_ice_cave_entry_ice_beasts
D:13:     david_vaults_4
D:14:     corexii_hall_statues_i
D:15:     hangedman_depths_entry_try_elsewhere_first, kennysheep_doodads,
          uniq_nergalle
Lair:3:   st_stairs_6
Lair:4:   st_stairs_5, infiniplex_staircase_pool_2, serial_bayou_shore_b,
          grunt_megastairs_3, uniq_erica
Lair:5:   wad_woods_tower, minmay_snake_entry_spellcaster, beast_lair_carwin_3
Lair:6:   minmay_shoals_entry_hut, minmay_slime_entry_oklob_enclosed,
          serial_bayou_shore_a
Lair:7:   lemuel_fruit_fields
Lair:8:   hangedman_lair_in_review, guppyfry_lair_end_dragon,
          nicolae_volcano_entry_vermiform
Snake:1:  uniq_josephine, uniq_sonja, uniq_louise, uniq_aizul
Snake:2:  st_stairs_13
Snake:3:  basic_altar
Snake:4:  kennysheep_six_static_rooms, uniq_vashnia
Snake:5:  grunt_snake_rune_spirals, uniq_frances
Orc:1:    guppyfry_library_mini
Orc:2:    nicolae_orc_accident_2
Orc:3:    enter_bailey_5, basic_altar, nicolae_orc_pool_cavern, uniq_fannar
Orc:4:    grunt_orc_community_town_hall, grunt_orc_community_big_house_1,
          grunt_orc_community_big_house_2, grunt_orc_community_house_2,
          grunt_orc_community_house_1, grunt_orc_community_house_2,
          grunt_orc_community_house_2, uniq_psyche
Bailey:   bailey_axe_4, bailey
IceCv:    ice_cave_caverns_01
Volcano:  volcano_overflow

Notes
Turn   | Place    | Note
--------------------------------------------------------------
     0 | D:1      | Sixotanaka, the Demonspawn Monk, began the quest for the Orb.
     0 | D:1      | Reached XP level 1. HP: 18/18 MP: 1/1
   216 | D:1      | Reached skill level 4 in Unarmed Combat
   321 | D:1      | Gained mutation: You are slightly more attuned to the shadows. [demonic ancestry]
   321 | D:1      | Reached XP level 2. HP: 24/24 MP: 2/2
  1263 | D:2      | Found a burning altar of Makhleb.
  1263 | D:2      | Noticed a green death
  1266 | D:2      | Noticed a neqoxec
  1266 | D:2      | Noticed a hellwing
  1268 | D:2      | Became a worshipper of Makhleb the Destroyer
  1268 | D:2      | Acquired Makhleb's first power
  1268 | D:2      | Acquired Makhleb's second power
  1288 | D:2      | Gained mutation: You have sharp toenails. [demonic ancestry]
  1288 | D:2      | Reached XP level 3. HP: 26/29 MP: 3/3
  1858 | D:3      | Reached skill level 5 in Unarmed Combat
  1950 | D:4      | Gained mutation: Your flesh is cold resistant. [demonic ancestry]
  1950 | D:4      | Reached XP level 4. HP: 21/35 MP: 4/4
  2072 | D:4      | Found Qarr's Weapon Boutique.
  2080 | D:4      | You fall through a shaft!
  2080 | D:5      | Entered Level 5 of the Dungeon
  2423 | D:5      | Reached XP level 5. HP: 26/41 MP: 5/5
  2657 | D:3      | Noticed a centaur
  2661 | D:3      | Killed a centaur
  2661 | D:3      | Acquired Makhleb's third power
  2661 | D:3      | Reached skill level 6 in Unarmed Combat
  2668 | D:3      | Found a snail-covered altar of Cheibriados.
  2836 | D:4      | Gained mutation: You are immune to freezing clouds. [demonic ancestry]
  2836 | D:4      | Reached XP level 6. HP: 45/47 MP: 6/6
  3045 | D:4      | Found a blossoming altar of Fedhas.
  3085 | D:4      | Reached skill level 7 in Unarmed Combat
  3096 | D:4      | Found Jiuxaod's Weapon Boutique.
  3242 | D:4      | Found a viscous altar of Jiyva.
  3724 | D:5      | Noticed an ogre
  3778 | D:5      | Gained mutation: A meltable icy envelope protects you from harm and freezing vapours (AC +0). [demonic ancestry]
  3778 | D:5      | Reached XP level 7. HP: 52/52 MP: 7/7
  3793 | D:5      | Acquired Makhleb's fourth power
  3893 | D:6      | Reached skill level 8 in Unarmed Combat
  4664 | D:5      | Noticed a necrophage
  4684 | D:5      | Killed a necrophage
  4895 | D:6      | Reached skill level 9 in Unarmed Combat
  5139 | D:6      | Noticed an ogre
  5156 | D:6      | Killed an ogre
  5156 | D:6      | Reached XP level 8. HP: 58/58 MP: 8/8
  5291 | D:7      | Found a staircase to the Ecumenical Temple.
  5368 | D:7      | Reached skill level 10 in Unarmed Combat
  5426 | D:7      | Acquired Makhleb's fifth power
  5686 | D:7      | Reached skill level 11 in Unarmed Combat
  5722 | D:7      | Found a radiant altar of Vehumet.
  5784 | D:7      | Gained mutation: You are partially covered in thin metallic scales (AC +2). [demonic ancestry]
  5784 | D:7      | Reached XP level 9. HP: 63/63 MP: 9/9
  6374 | D:8      | Reached skill level 12 in Unarmed Combat
  6527 | D:8      | Reached skill level 2 in Invocations
  6625 | D:9      | Found a staircase to the Lair.
  6634 | D:9      | Reached skill level 3 in Invocations
  6756 | D:9      | Reached skill level 4 in Invocations
  6779 | D:9      | Found a white marble altar of Elyvilon.
  6803 | D:9      | Reached skill level 5 in Invocations
  6866 | D:9      | Noticed Eustachio
  6879 | D:9      | Noticed Duvessa
  6880 | D:9      | Killed Eustachio
  6880 | D:9      | Reached skill level 6 in Invocations
  6888 | D:9      | Noticed Dowan
  6890 | D:9      | Killed Duvessa
  6890 | D:9      | Reached skill level 7 in Invocations
  6894 | D:9      | Killed Dowan
  6942 | D:9      | Found a blossoming altar of Fedhas.
  6969 | D:9      | Found a staircase to the Orcish Mines.
  7207 | D:9      | Reached skill level 8 in Invocations
  7219 | D:9      | Reached XP level 10. HP: 70/70 MP: 22/22
  7268 | Lair:1   | Entered Level 1 of the Lair of Beasts
  7310 | Lair:1   | Noticed a five-headed hydra
  7318 | Lair:1   | Killed a five-headed hydra
  7318 | Lair:1   | Reached skill level 10 in Invocations
  7326 | Lair:1   | Learned a level 6 spell: Freezing Cloud
  7481 | Lair:1   | Reached skill level 4 in Fighting
  7481 | Lair:1   | Reached skill level 1 in Conjurations
  7613 | Lair:1   | Noticed an eight-headed hydra
  7771 | Lair:2   | Reached skill level 2 in Conjurations
  7847 | Lair:2   | Reached skill level 5 in Fighting
  8002 | Lair:2   | Reached skill level 3 in Conjurations
  8051 | Lair:2   | Reached skill level 6 in Fighting
  8293 | Lair:2   | Reached skill level 4 in Conjurations
  8518 | Lair:2   | Reached skill level 7 in Fighting
  8617 | Lair:2   | Noticed a five-headed hydra
  8622 | Lair:2   | Killed a five-headed hydra
  8622 | Lair:2   | Gained mutation: You have razor-sharp toenails. [demonic ancestry]
  8622 | Lair:2   | Reached XP level 11. HP: 68/84 MP: 25/25
  9087 | Lair:3   | Reached skill level 8 in Fighting
  9102 | Lair:3   | Reached skill level 5 in Conjurations
  9105 | Lair:3   | Reached skill level 3 in Dodging
  9166 | Lair:3   | Noticed a death yak
  9171 | Lair:3   | Noticed a death yak
  9175 | Lair:3   | Killed a death yak
  9175 | Lair:3   | Reached skill level 1 in Ice Magic
  9177 | Lair:3   | Reached skill level 4 in Dodging
  9180 | Lair:3   | Killed a death yak
  9303 | Lair:3   | Got a distressingly furry ring mail
  9304 | Lair:3   | Identified the -1 ring mail "Rixent" {rN+} (You found it on level 3 of the Lair of Beasts)
  9375 | Lair:3   | Reached skill level 2 in Ice Magic
  9383 | Lair:3   | Reached skill level 5 in Dodging
  9852 | Lair:4   | Reached skill level 3 in Ice Magic
  9864 | Lair:4   | Reached skill level 6 in Dodging
 10008 | Lair:4   | Noticed Erica
 10013 | Lair:4   | Killed Erica
 10024 | Lair:4   | Identified a +0 rod of clouds (14/14) (You found it on level 4 of the Lair of Beasts)
 10054 | Lair:4   | Reached skill level 7 in Dodging
 10054 | Lair:4   | Reached skill level 4 in Ice Magic
 10237 | Lair:4   | Reached skill level 1 in Evocations
 10669 | Lair:5   | Reached skill level 2 in Evocations
 10678 | Lair:5   | Reached skill level 3 in Evocations
 10678 | Lair:5   | Reached XP level 12. HP: 89/92 MP: 25/25
 10700 | Lair:4   | Reached skill level 4 in Evocations
 10808 | Lair:5   | Reached skill level 5 in Evocations
 10961 | Lair:5   | Noticed an eight-headed hydra
 10967 | Lair:5   | Killed an eight-headed hydra
 11050 | Lair:5   | Reached skill level 8 in Dodging
 11695 | Lair:5   | Reached skill level 9 in Dodging
 11748 | Lair:5   | Found a staircase to the Snake Pit.
 12371 | Lair:6   | Reached skill level 1 in Air Magic
 12545 | Lair:6   | Reached skill level 10 in Dodging
 12688 | Lair:6   | Found a staircase to the Shoals.
 13329 | Lair:7   | Reached skill level 2 in Air Magic
 13550 | Lair:7   | Reached skill level 5 in Ice Magic
 13884 | Lair:7   | Reached skill level 6 in Ice Magic
 13947 | Lair:7   | Reached XP level 13. HP: 96/98 MP: 27/27
 13966 | Lair:7   | Noticed an eight-headed hydra
 13973 | Lair:7   | Killed an eight-headed hydra
 14303 | Lair:8   | Entered Level 8 of the Lair of Beasts
 14419 | Lair:8   | Found a dark tunnel.
 14426 | Volcano  | Entered a volcano
 14641 | Volcano  | Reached skill level 6 in Conjurations
 14976 | Lair:8   | Learned a level 4 spell: Control Teleport
 15037 | Lair:8   | Reached skill level 13 in Unarmed Combat
 15184 | Lair:8   | Reached skill level 7 in Conjurations
 15390 | Lair:8   | Reached skill level 8 in Conjurations
 15507 | Lair:8   | Reached skill level 3 in Air Magic
 15715 | Lair:8   | Reached skill level 4 in Air Magic
 16033 | Lair:8   | Reached skill level 5 in Air Magic
 16053 | Lair:8   | Reached skill level 6 in Air Magic
 17203 | Lair:1   | Reached skill level 7 in Air Magic
 17334 | Lair:1   | Noticed a black mamba
 17344 | Lair:1   | Killed a black mamba
 17488 | Lair:1   | Reached XP level 14. HP: 105/105 MP: 25/27
 17503 | Lair:1   | Reached skill level 1 in Armour
 17757 | Lair:1   | Killed an eight-headed hydra
 18052 | D:10     | Entered Level 10 of the Dungeon
 18277 | D:10     | Found Qisaw's Weapon Boutique.
 18866 | D:11     | Reached skill level 7 in Ice Magic
 18911 | D:11     | Found Plog's Assorted Antiques.
 19593 | D:12     | Found a frozen archway.
 19609 | D:12     | Reached skill level 8 in Ice Magic
 19639 | IceCv    | Entered an ice cave
 19857 | IceCv    | Reached skill level 9 in Ice Magic
 20103 | IceCv    | Reached skill level 10 in Ice Magic
 20172 | IceCv    | Noticed a frost giant
 20222 | IceCv    | Killed a frost giant
 20238 | IceCv    | Identified the Grimoire of Snow
 20755 | D:12     | Reached skill level 11 in Ice Magic
 21596 | D:13     | Learned a level 3 spell: Ozocubu's Armour
 21902 | D:13     | Noticed a ghost moth
 21918 | D:13     | Killed a ghost moth
 22177 | D:13     | Demise: hey if you and zzxc want to join a clan I'm making let me know
 22284 | D:13     | Gained mutation: You are significantly more attuned to the shadows. [demonic ancestry]
 22284 | D:13     | Reached XP level 15. HP: 110/110 MP: 28/28
 22381 | D:13     | Found a gate to the Vaults.
 22771 | D:14     | Reached skill level 14 in Unarmed Combat
 23520 | D:15     | Entered Level 15 of the Dungeon
 23658 | D:15     | Got an ancient blowgun
 23659 | D:15     | Identified the cursed -1 blowgun "Killer Klown's Doom" {speed, Int+3 Dex-4 SInv} (You found it on level 15 of the Dungeon)
 23728 | D:15     | Found a staircase to the Depths.
 23771 | D:15     | Noticed Nergalle
 24000 | Orc:1    | Entered Level 1 of the Orcish Mines
 24708 | Orc:3    | Found a flagged portal.
 24745 | Bailey   | Entered a bailey
 24894 | Bailey   | Reached skill level 15 in Unarmed Combat
 25077 | Orc:3    | Noticed Fannar
 25090 | Orc:3    | Killed Fannar
 25371 | Orc:3    | Found a radiant altar of Vehumet.
 25521 | Orc:4    | Entered Level 4 of the Orcish Mines
 25604 | Orc:4    | Found a staircase to the Elven Halls.
 25613 | Orc:4    | Found a roughly hewn altar of Beogh.
 25615 | Orc:4    | Found Meeh's Armour Shop.
 25758 | Orc:4    | Noticed Psyche
 25766 | Orc:4    | Killed Psyche
 25942 | Orc:4    | Found a roughly hewn altar of Beogh.
 26066 | Orc:4    | Found a roughly hewn altar of Beogh.
 26066 | Orc:4    | Found Ylap's Antique Weapon Shop.
 26066 | Orc:4    | Found Staluulouj's Antique Armour Boutique.
 26081 | Orc:4    | Bought an embroidered cloak for 157 gold pieces
 26208 | Orc:4    | Found a roughly hewn altar of Beogh.
 26218 | Orc:4    | Reached skill level 12 in Ice Magic
 26227 | Orc:4    | Found Prywuen's Food Shop.
 26801 | Snake:1  | Entered Level 1 of the Snake Pit
 26801 | Snake:1  | Noticed Josephine
 26807 | Snake:1  | Noticed Sonja
 26811 | Snake:1  | Killed Josephine
 26821 | Snake:1  | Killed Sonja
 26826 | Snake:1  | Reached skill level 1 in Spellcasting
 27089 | Snake:1  | Noticed Aizul
 27128 | Snake:1  | Killed Aizul
 27251 | Snake:1  | Noticed Louise
 27272 | Snake:1  | Killed Louise
 27272 | Snake:1  | Reached skill level 2 in Spellcasting
 27272 | Snake:1  | Reached skill level 9 in Conjurations
 27886 | Snake:1  | Reached skill level 3 in Spellcasting
 28037 | Snake:1  | Reached skill level 10 in Conjurations
 28329 | Snake:2  | Gained mutation: You have claws for feet. [demonic ancestry]
 28329 | Snake:2  | Reached XP level 16. HP: 117/117 MP: 29/29
 28787 | Snake:3  | Found a burning altar of Makhleb.
 28864 | Snake:3  | HP: 21/117 [naga sharpshooter/bolt (10)]
 28869 | Snake:3  | HP: 20/117 [poisoned by a naga sharpshooter (splash of poison)]
 29500 | Snake:3  | Reached skill level 11 in Conjurations
 29827 | Snake:3  | Reached skill level 8 in Air Magic
 30726 | Snake:3  | Reached skill level 9 in Air Magic
 32099 | Snake:4  | Identified a scroll of acquirement
 32193 | Snake:4  | Reached skill level 13 in Ice Magic
 32437 | Snake:4  | Noticed Vashnia
 32481 | Snake:5  | Entered Level 5 of the Snake Pit
 32611 | Snake:5  | Noticed Frances
 32710 | Snake:5  | HP: 28/117 [salamander/enchanted spear (11)]
 32715 | Snake:5  | HP: 26/117 [poisoned by a water moccasin]
 32720 | Snake:5  | HP: 24/117 [poisoned by a water moccasin]
 32725 | Snake:5  | HP: 24/117 [poisoned by a water moccasin]
 33822 | Snake:5  | Reached skill level 14 in Ice Magic
 33880 | Snake:5  | HP: 25/117 [naga warrior/quarterstaff (9)]
 33885 | Snake:5  | HP: 22/117 [poisoned by a naga warrior (splash of poison)]
 34108 | Snake:5  | Gained mutation: You are completely attuned to the shadows. [demonic ancestry]
 34108 | Snake:5  | Reached XP level 17. HP: 122/122 MP: 27/30
 35267 | Snake:5  | Reached skill level 12 in Conjurations
 36012 | Snake:5  | Reached skill level 15 in Ice Magic
 36698 | Snake:5  | Reached skill level 16 in Ice Magic
 36741 | Snake:5  | Got a serpentine rune of Zot
 36890 | Snake:5  | Killed Frances
 37283 | Snake:4  | HP: 28/122 [Vashnia/arrow (25)]
 37284 | Snake:4  | Shot with an arrow by Vashnia

Vanquished Creatures
  Frances (Snake:5)
  12 greater nagas
  Aizul (Snake:1)
  A ghost moth (shapeshifter) (D:13)
  Louise (Snake:1)
  A frost giant (IceCv)
  A dire elephant (D:15)
  Josephine (Snake:1)
  Fannar (Orc:3)
  27 naga warriors
  6 hydras
  9 anacondas
  Erica (Lair:4)
  2 centaur warriors (D:14)
  5 death yaks
  21 naga sharpshooters
  An orc high priest (Orc:4)
  3 shock serpents
  A fire crab (shapeshifter) (D:13)
  A fire crab (Lair:8)
  3 salamander mystics
  4 skeletal warriors (D:14)
  2 sea snakes (Snake:3)
  8 naga ritualists
  4 hill giants
  2 unseen horrors
  An ice statue (IceCv)
  A wolf spider zombie (D:12)
  3 lindwurms (Lair:8)
  2 orc knights
  A griffon (Lair:7)
  3 ugly things (D:14)
  2 orc sorcerers (Orc:4)
  A phantasmal warrior (D:13)
  18 mana vipers
  12 salamanders
  33 black mambas
  2 cyclopes
  19 elephants
  2 sixfirhies
  9 guardian serpents
  11 spiny frogs
  3 centaur zombies
  A torpor snail (Lair:8)
  14 naga magi
  2 centaur skeletons
  A molten gargoyle (Volcano)
  Psyche (Orc:4)
  4 gargoyles
  7 komodo dragons
  A red devil (Orc:4)
  3 fire drakes
  4 trolls
  2 two-headed ogres (D:13)
  A redback zombie (D:15)
  Sonja (Snake:1)
  2 boulder beetles (Lair:8)
  5 slime creatures
  A fire vortex (Lair:7)
  20 polar bears (IceCv)
  A raven (shapeshifter) (D:14)
  A blink frog (shapeshifter) (D:15)
  11 blink frogs
  4 basilisks
  A deep elf mage (D:14)
  A shadow (D:14)
  A snapping turtle (Lair:6)
  A vampire (D:13)
  3 wyverns
  3 wraiths
  68 yaks
  2 spriggans (Lair:5)
  Eustachio (D:9)
  2 fire elementals (Volcano)
  3 vampire mosquitoes (D:13)
  4 hungry ghosts
  10 hippogriffs
  28 wolves
  A mottled dragon (Lair:8)
  74 nagas
  33 water moccasins
  3 swamp drakes (Lair:8)
  11 porcupines
  A warg (Orc:4)
  36 orc warriors
  2 wasps
  12 ice beasts
  8 ogres
  2 necrophages
  3 sky beasts
  7 centaurs
  Duvessa (D:9)
  17 giant frogs
  2 boring beetles
  2 wyvern zombies (D:14)
  A brain worm (D:14)
  17 crocodiles
  2 wyvern skeletons
  2 scorpions
  13 wights
  9 killer bees
  2 goliath beetles
  Dowan (D:9)
  2 crimson imps
  2 electric eels (Lair:6)
  16 orc priests
  3 giant frog zombies
  3 jellies
  11 hounds
  11 iguanas
  A giant frog skeleton (D:12)
  28 orc wizards
  5 worker ants
  A killer bee zombie (D:9)
  21 sheep
  3 worker ant zombies
  19 adders
  A gnoll (Bailey)
  3 shadow imps
  A giant mite (D:3)
  60 river rats
  A worm (D:6)
  An adder skeleton (D:6)
  An orc zombie (Orc:4)
  2 giant geckos
  3 oozes (D:4)
  135 orcs
  4 ball pythons
  3 giant cockroaches
  26 hobgoblins
  9 jackals
  8 quokkas
  8 bats
  A giant gecko skeleton (D:6)
  A giant gecko zombie (D:8)
  3 giant newts
  23 goblins
  20 kobolds
  A quokka skeleton (D:5)
  A quokka zombie (D:5)
  10 rats
1172 creatures vanquished.

Vanquished Creatures (collateral kills)
  An orc warlord (Orc:4)
  A blizzard demon (Snake:5)
  A fire dragon (Lair:8)
  A naga warrior (Snake:5)
  4 hydras
  2 death yaks
  3 naga sharpshooters (Snake:1)
  A salamander mystic (Snake:5)
  A hill giant (D:14)
  2 black mambas
  An elephant (Lair:8)
  2 salamanders (Snake:5)
  A guardian serpent (Snake:5)
  2 spiny frogs
  A torpor snail (Lair:3)
  5 komodo dragons
  2 naga magi
  A fire drake (Lair:8)
  A troll (Orc:4)
  A harpy zombie (D:15)
  A boulder beetle (Lair:8)
  9 blink frogs
  10 yaks
  A wraith (Snake:1)
  3 nagas
  4 water moccasins
  An orc warrior (Orc:4)
  2 porcupines
  3 giant frogs
  A hound (Lair:2)
  A river rat (Lair:5)
  4 orcs (Orc:4)
  2 quokkas
  2 orc zombies (Orc:4)
  A butterfly (Lair:7)
79 creatures vanquished.

Vanquished Creatures (others)
  A cacodemon (Snake:5)
  2 blizzard demons
  A green death (Snake:3)
  2 smoke demons
  3 hellwings
  3 ynoxinuls
  A neqoxec (Snake:3)
  2 wolves (IceCv)
  A white imp (Orc:4)
  5 ufetubi
  5 fungi
  A plant (Lair:8)
27 creatures vanquished.

Grand Total: 1278 creatures vanquished
